 Dungeon Crawl Stone Soup version 0.29-a0-575-g0dc89cf053 (webtiles) character file.

Game seed: 7719917200730686397

35767 avis the Marksdemigod (level 13, -5/107 HPs)
             Began as a Demigod Hunter on June 12, 2022.
             Slain by a komodo dragon (22 damage)
             ... on level 3 of the Lair of Beasts.
             The game lasted 01:57:48 (14081 turns).

avis the Marksdemigod (Demigod Hunter)             Turns: 14081, Time: 01:57:49

Health: -5/107     AC: 11    Str: 12    XL:     13   Next: 18%
Magic:  14/17      EV: 16    Int: 11    God:
Gold:   1101       SH:  5    Dex: 45    Spells: 11/14 levels left

rFire   + . .      SeeInvis +   b - +5 longbow (vorpal)
rCold   . . .      Faith    .   (shield currently unavailable)
rNeg    . . .      Spirit   .   I - +0 ring mail of the Trees {Rampage +Blink rPois}
rPois   +          Reflect  +   y - +0 helmet {SInv}
rElec   .          Harm     .   u - +2 cloak {rF+}
rCorr   .          Rampage  +   x - +0 pair of gloves
Will    +....                   (no boots)
Stlth   ++++......              h - amulet of Kowuno {Reflect Regen+ SH+5}
HPRegen 1.07/turn               s - +6 ring of dexterity
MPRegen 0.15/turn               n - +6 ring of dexterity

@: wereblooded
A: high MP 1, forlorn, divine attributes
a: Evoke Blink


You were on level 3 of the Lair of Beasts.
You visited 3 branches of the dungeon, and saw 14 of its levels.
You also visited: Sewer, Ossuary, Ice Cave and Volcano.

You collected 1101 gold pieces.

Inventory:

Hand Weapons
 a - a +0 longbow of electrocution
 b - a +5 vorpal longbow (weapon)
 m - a +2 scythe of freezing
 w - the +5 falchion of Internal Strife {drain, Fly Will+ Str+3}
   (You found it on level 9 of the Dungeon)

   A truly terrible weapon, it drains the life of any living foe it strikes.
   Str:       It affects your strength (+3).
   Fly:       It grants you flight.
   Will:      It increases your willpower.
Missiles
 c - 2 throwing nets
Armour
 k - a +2 robe of resistance
 t - a +2 crystal plate armour of cold resistance
 u - a +2 cloak of fire resistance (worn)
 x - a +0 pair of gloves (worn)
 y - a +0 helmet of see invisible (worn)
 I - the +0 ring mail of the Trees (worn) {Rampage +Blink rPois}
   (You found it on level 2 of the Lair of Beasts)

   rPois:     It protects you from poison.
   +Blink:    It lets you blink.
   Rampage:   It bestows one free step when moving towards enemies.
 M - +0 steam dragon scales
Jewellery
 h - the amulet of Kowuno (around neck) {Reflect Regen+ SH+5}
   (You acquired it on level 5 of the Dungeon)

   [amulet of reflection]

   It reflects blocked missile attacks.
   Regen:     It increases your rate of health regeneration.
   SH:        It affects your SH (+5).
 n - a +6 ring of dexterity (right hand)
 o - a ring of see invisible
 s - a +6 ring of dexterity (left hand)
Wands
 J - a wand of flame (12)
Scrolls
 g - a scroll of fear
 j - 8 scrolls of teleportation
 C - a scroll of fog
 D - a scroll of immolation
 U - a scroll of summoning
Potions
 d - 2 potions of flight
 e - 6 potions of curing
 f - a potion of resistance
 i - a potion of invisibility
 l - 5 potions of mutation
 p - 3 potions of might
 q - 9 potions of brilliance
 r - 2 potions of berserk rage
 z - a potion of heal wounds
 A - 4 potions of haste
 B - 3 potions of lignification
 F - a potion of magic {unknown}
 H - a potion of attraction {unknown}
Miscellaneous
 v - a phial of floods
 E - a phial of floods
 K - a lightning rod (4/4)


   Skills:
 - Level 8.0 Fighting
 * Level 18.3 Bows
 - Level 4.0 Armour
 - Level 4.0 Dodging
 - Level 5.0 Stealth
 - Level 1.0 Spellcasting
 - Level 3.0 Transmutations
 + Level 2.4 Evocations


You had 11 spell levels left.
You knew the following spells:

 Your Spells              Type           Power      Damage    Failure   Level
a - Beastly Appendage     Tmut           14%        N/A       21%         1
e - Wereblood             Tmut           7%         N/A       30%         2

Your spell library contained the following spells:

 Spells                   Type           Power      Damage    Failure   Level
 Apportation              Tloc           0%         N/A       56%         1
 Foxfire                  Conj/Fire      0%         2x1d4     56%         1
 Freeze                   Ice            0%         1d3       56%         1
 Magic Dart               Conj           0%         1d3       56%         1
 Necrotize                Necr           0%         1d4       56%         1
 Slow                     Hex            0%         N/A       56%         1
 Searing Ray              Conj           0%         2d4       71%         2
 Spider Form              Tmut/Pois      3%         N/A       73%         3
 Frozen Ramparts          Ice            0%         1d2       90%         3
 Gell's Gravitas          Tloc           0%         N/A       90%         3
 Teleport Other           Tloc           0%         N/A       90%         3
 Tukima's Dance           Hex            0%         N/A       90%         3
 Vampiric Draining        Necr           0%         2d6       90%         3
 Fulminant Prism          Conj/Hex       0%         3d6       100%        4
 Hailstorm                Conj/Ice       0%         3d3       100%        4
 Passage of Golubria      Tloc           0%         N/A       100%        4
 Agony                    Necr           0%         N/A       100%        5
 Yara's Violent Unravell  Hex/Tmut       1%         3d3       100%        5
 Dispersal                Tloc           0%         N/A       100%        6
 Summon Cactus Giant      Summ           0%         N/A       100%        6
 Chain Lightning          Conj/Air       0%         N/A       100%        9


Dungeon Overview and Level Annotations

Branches:
Dungeon (10/15)            Temple (1/1) D:7            Lair (3/6) D:10
    Orc (0/2) D:10          Sewer (visited)         Ossuary (visited)
  IceCv (visited)         Volcano (visited)
  Swamp: Lair:2-4    Shoals: Lair:2-4     Snake: Lair:2-4    Spider: Lair:2-4

Annotations:
D:3 1 runed translucent door, exclusion: door, Crazy Yiuf
D:4 3 runed translucent doors, bande's ghost, novice GrFi
Lair:1 3 runed translucent doors, Wiilli's ghost, journeyman SpVM; attentat's ghost, journeyman HOFi; benadryl's ghost, journeyman KoBr


Innate Abilities, Weirdness & Mutations

You have an increased reservoir of magic. (+10% MP)
You shall have no god before yourself.
Your divine heritage dramatically boosts your attributes as you level up.


Message History

Shoot: b) +5 longbow (vorpal)
Press: ? - help, Q - select action, (/) - cycle Shift-Dir - straight line, f/p - komodo dragon
Aim: a komodo dragon (lightly wounded, 84% to hit)
You shoot an arrow. The arrow hits the bullfrog!
The bullfrog is almost dead.
The komodo dragon closely misses you. The bullfrog hits you.
The komodo dragon misses you.
Your magical contamination has completely faded away.
Shoot: b) +5 longbow (vorpal)
Press: ? - help, Q - select action, (/) - cycle Shift-Dir - straight line, f/p - komodo dragon
Aim: a komodo dragon (lightly wounded, 84% to hit)
You shoot an arrow. The arrow hits the bullfrog!
You feel a bit better.
You kill the bullfrog!
The komodo dragon bites you.
The komodo dragon bites you but does no damage.
Shoot: b) +5 longbow (vorpal)
Press: ? - help, Q - select action, (/) - cycle Shift-Dir - straight line, f/p - komodo dragon
Aim: a komodo dragon (lightly wounded, 84% to hit)
You shoot an arrow. The arrow hits the komodo dragon!
The komodo dragon is heavily wounded.
The komodo dragon barely misses you. The komodo dragon bites you!!
The komodo dragon bites you. The komodo dragon closely misses you.
Shoot: b) +5 longbow (vorpal)
Press: ? - help, Q - select action, (/) - cycle Shift-Dir - straight line, f/p - komodo dragon
Aim: a komodo dragon (heavily wounded, 84% to hit)
You shoot an arrow.
The arrow hits the komodo dragon but does no damage.
The komodo dragon is heavily wounded.
The komodo dragon bites you!! The komodo dragon bites you!
The komodo dragon misses you.
Shoot: b) +5 longbow (vorpal)
Press: ? - help, Q - select action, (/) - cycle Shift-Dir - straight line, f/p - komodo dragon
Aim: a komodo dragon (heavily wounded, 84% to hit)
You shoot an arrow.
The arrow hits the komodo dragon but does no damage.
The komodo dragon is heavily wounded.
The komodo dragon bites you! The komodo dragon bites you!!
* * * LOW HITPOINT WARNING * * *
The komodo dragon bites you!!
You die...

########## #..#P....####
#.........# ### #
###.......†.###.#######
#..........#.....[.#P#.
.####.......#######.[...
#≈≈≈##l######.. ##....
#≈≈≈≈≈.l@l...... #....
##≈≈############ ##...
.. ..... .....# ......
###.##+


You could see 3 komodo dragons.

Vanquished Creatures
  A reaper (IceCv)
  A boulder beetle (D:7)
  2 centaur warriors (D:10)
  8 two-headed ogres
  A deep elf archer (Volcano)
  Pikel (D:4)
  6 deep elf pyromancers (Volcano)
  2 ugly things (D:7)
  A manticore (D:7)
  A cyclops (D:9)
  2 black mambas
  Maurice (D:8)
  2 ice statues (IceCv)
  6 cane toads
  7 komodo dragons
  4 ice devils (IceCv)
  A freezing wraith (IceCv)
  A kobold demonologist (D:10)
  3 entropy weaver simulacra (IceCv)
  2 anaconda simulacra (IceCv)
  3 trolls
  4 hornets
  A slime creature (D:7)
  Sigmund (D:3)
  4 shadows (D:10)
  A vampire (D:7)
  A wraith (D:10)
  4 dire elephant simulacra (IceCv)
  9 fire elementals (Volcano)
  2 wyverns
  2 basilisks
  17 yaks
  Grum (D:10)
  A death yak simulacrum (IceCv)
  A steam dragon (D:6)
  2 vampire mosquitoes
  A harpy simulacrum (IceCv)
  3 hell hounds (Volcano)
  11 water moccasins
  A two-headed ogre zombie (D:10)
  5 orc warriors
  2 black bears
  An ice beast (D:5)
  2 sky beasts (D:7)
  An ogre (D:2)
  3 centaurs (D:10)
  12 wolves
  A phantom (D:6)
  A lemure (D:3)
  3 elf zombies (Ossuary)
  Blork the orc (D:5)
  9 bullfrogs
  10 kobold brigands
  3 gnoll sergeants
  A necrophage (D:6)
  A two-headed ogre simulacrum (IceCv)
  3 scorpions
  6 wights
  2 troll zombies (D:10)
  An elephant simulacrum (IceCv)
  A killer bee (D:7)
  7 howler monkeys
  2 electric eels (D:8)
  4 jellies
  3 centaur zombies (Ossuary)
  6 human zombies (Ossuary)
  Ijyb (D:5)
  2 iguanas
  6 orc wizards
  2 spriggan simulacra (IceCv)
  5 ogre zombies (D:10)
  3 mummies (Ossuary)
  14 gnolls
  3 river rats
  15 adders
  A shadow imp (D:7)
  3 white imps
  3 ufetubi
  9 worms
  4 dart slugs
  22 orcs
  9 bats
  12 endoplasms
  3 giant cockroaches
  4 goblins
  6 hobgoblins
  2 jackals (D:3)
  33 kobolds
  3 quokkas
  3 ball pythons
  3 frilled lizards
  4 goblin skeletons (D:10)
  2 goblin zombies (D:10)
  3 hobgoblin zombies (D:10)
  6 orc skeletons (D:10)
  10 orc zombies (D:10)
  5 rats
415 creatures vanquished.

Vanquished Creatures (others)
  2 deep elf pyromancers (Volcano)
  A kobold brigand (D:8)
  2 fungi
  11 plants
  4 withered plants (Lair:1)
20 creatures vanquished.

Grand Total: 435 creatures vanquished

Notes
Turn   | Place    | Note
-------+----------+-------------------------------------------
     0 | D:1      | avis the Demigod Hunter began the quest for the Orb.
     0 | D:1      | Reached XP level 1. HP: 17/17 MP: 3/3
    53 | D:1      | Reached skill level 1 in Stealth
    62 | D:1      | Reached skill level 4 in Bows
   109 | D:1      | Reached XP level 2. HP: 24/24 MP: 4/4
   632 | D:2      | Reached XP level 3. HP: 29/29 MP: 5/5
  1381 | D:2      | Noticed an ogre
  1394 | D:2      | Killed an ogre
  1395 | D:2      | Reached skill level 5 in Bows
  1395 | D:2      | Reached XP level 4. HP: 9/36 MP: 6/6
  1914 | D:3      | Got the Tome of Battle Magic and Companions
  2067 | D:3      | Noticed Sigmund
  2077 | D:3      | Killed Sigmund
  2078 | D:3      | Reached skill level 6 in Bows
  2078 | D:3      | Reached XP level 5. HP: 12/44 MP: 7/7
  2078 | D:3      | Reached XP level 6. HP: 13/50 MP: 8/8
  2986 | D:3      | Found a runed translucent door.
  2987 | D:3      | Noticed Crazy Yiuf
  3203 | D:4      | Noticed Pikel
  3547 | D:4      | Found a sand-covered staircase.
  3563 | Ossuary  | Entered an ossuary
  3619 | Ossuary  | Reached skill level 7 in Bows
  3619 | Ossuary  | Reached skill level 1 in Armour
  3908 | Ossuary  | Reached XP level 7. HP: 36/57 MP: 9/9
  4268 | Ossuary  | Reached skill level 8 in Bows
  4698 | D:4      | Killed Pikel
  4699 | D:4      | Reached skill level 9 in Bows
  4699 | D:4      | Reached XP level 8. HP: 53/63 MP: 10/10
  4849 | D:4      | Found a runed translucent gate.
  4850 | D:4      | Found a runed translucent gate.
  4850 | D:4      | Noticed bande's ghost (novice GrFi)
  4851 | D:4      | Found a runed translucent gate.
  5003 | D:5      | Entered Level 5 of the Dungeon
  5043 | D:5      | Identified 2 scrolls of acquirement
  5043 | D:5      | Acquired the amulet of Kowuno {Reflect Regen+ SH+5}
  5053 | D:5      | Acquired a +1 vorpal longbow
  5236 | D:5      | Found a glowing drain.
  5243 | Sewer    | Entered a sewer
  5843 | D:5      | Noticed Blork the orc
  5846 | D:5      | Killed Blork the orc
  5847 | D:5      | Reached skill level 10 in Bows
  6045 | D:5      | Noticed Ijyb
  6048 | D:5      | Killed Ijyb
  6336 | D:5      | Learned a level 1 spell: Beastly Appendage
  6381 | D:6      | Reached XP level 9. HP: 66/69 MP: 11/11
  6721 | D:6      | Paralysed by a hornet for 1 turns
  6784 | D:7      | Reached skill level 11 in Bows
  6860 | D:7      | Reached skill level 5 in Fighting
  6920 | D:7      | Noticed a red ugly thing
  6921 | D:7      | Noticed a boulder beetle
  6935 | D:7      | Reached skill level 12 in Bows
  6938 | D:7      | Killed a boulder beetle
  6939 | D:7      | Reached XP level 10. HP: 27/81 MP: 13/13
  7028 | D:7      | Identified the +5 whip "Urpho" {vamp, Contam rF+ rCorr
                  | Int+6}
  7053 | D:7      | Noticed a green ugly thing
  7057 | D:7      | Killed a green ugly thing
  7063 | D:7      | Killed a red ugly thing
  7096 | D:7      | Reached skill level 13 in Bows
  7096 | D:7      | Reached skill level 5 in Stealth
  7097 | D:7      | Noticed a manticore
  7104 | D:7      | Killed a manticore
  7610 | D:7      | Found a staircase to the Ecumenical Temple.
  7618 | Temple   | Entered the Ecumenical Temple
  7892 | D:7      | Learned a level 2 spell: Wereblood
  8016 | D:8      | Got Sorcery for Rookies
  8067 | D:8      | Noticed Maurice
  8073 | D:8      | Killed Maurice
  8624 | D:8      | Upgraded the game from 0.29-a0-563-g64e4043184 to
                  | 0.29-a0-575-g0dc89cf053
  8721 | D:9      | Noticed a two-headed ogre
  8724 | D:9      | Killed a two-headed ogre
  8927 | D:9      | Reached skill level 14 in Bows
  8942 | D:9      | Reached XP level 11. HP: 89/89 MP: 14/14
  8942 | D:9      | Noticed a two-headed ogre
  8945 | D:9      | Killed a two-headed ogre
  9129 | D:9      | Noticed a two-headed ogre
  9136 | D:9      | Killed a two-headed ogre
  9257 | D:9      | Identified the +5 falchion of Internal Strife {drain, Fly
                  | Will+ Str+3}
  9417 | D:9      | Noticed a two-headed ogre
  9419 | D:9      | Killed a two-headed ogre
  9430 | D:9      | Noticed a two-headed ogre
  9438 | D:9      | Killed a two-headed ogre
  9443 | D:9      | Noticed a two-headed ogre
  9447 | D:9      | Killed a two-headed ogre
  9448 | D:9      | Reached skill level 15 in Bows
  9462 | D:9      | Noticed a two-headed ogre
  9466 | D:9      | Killed a two-headed ogre
 10014 | D:10     | Entered Level 10 of the Dungeon
 10075 | D:10     | Found a staircase to the Orcish Mines.
 10528 | D:10     | Noticed Grum
 10532 | D:10     | Killed Grum
 10634 | D:10     | Found a staircase to the Lair.
 10697 | D:10     | Reached skill level 1 in Transmutations
 10719 | D:10     | Noticed a centaur warrior
 10730 | D:10     | Killed a centaur warrior
 10730 | D:10     | Noticed a two-headed ogre
 10732 | D:10     | Killed a two-headed ogre
 10733 | D:10     | Reached XP level 12. HP: 100/100 MP: 13/15
 10735 | D:10     | Noticed a centaur warrior
 10740 | D:10     | Killed a centaur warrior
 10741 | D:10     | Reached skill level 16 in Bows
 11037 | Lair:1   | Entered Level 1 of the Lair of Beasts
 11225 | Lair:1   | Reached skill level 1 in Spellcasting
 11389 | Lair:1   | Found a runed translucent gate.
 11411 | Lair:1   | Found a runed translucent gate.
 11412 | Lair:1   | Found a runed translucent gate.
 11658 | Lair:1   | Noticed benadryl's ghost (journeyman KoBr)
 11659 | Lair:1   | Noticed attentat's ghost (journeyman HOFi)
 11659 | Lair:1   | Noticed Wiilli's ghost (journeyman SpVM)
 12206 | Lair:2   | Found a dark tunnel.
 12215 | Volcano  | Entered a volcano
 12260 | Volcano  | Reached skill level 17 in Bows
 12331 | Volcano  | HP: 2/100 [deep elf archer/arrow (5)]
 12682 | Lair:2   | Identified the +0 ring mail of the Trees {Rampage +Blink
                  | rPois}
 13119 | Lair:3   | Found a frozen archway.
 13127 | IceCv    | Entered an ice cave
 13614 | IceCv    | Reached XP level 13. HP: 76/107 MP: 15/17
 13692 | IceCv    | Noticed a reaper
 13707 | IceCv    | Killed a reaper
 13708 | IceCv    | Reached skill level 18 in Bows
 13878 | Lair:3   | Reached skill level 1 in Evocations
 14081 | Lair:3   | Slain by a komodo dragon

Illustrated notes

Levels and vault maps discovered:
D:1:      enne_arrival_octagon_isle, layout_rooms, minmay_pentomino_q2
D:2:      layout_loops_corners, basic_altar, minmay_tall_x
D:3:      layout_loops_corners, grunt_gozag_breadcrumbs, supply_closet_lemuel,
          uniq_crazy_yiuf_cottage, uniq_sigmund
D:4:      layout_loops_ring, kennysheep_mini, gammafunk_ghost_nasty_kobolds,
          enter_ossuary_1, minmay_misc_feat_iff, kennysheep_boxes, uniq_pikel
D:5:      layout_basic, nicolae_sif_muna_condensation,
          grunt_temple_overflow_forces_of_nature, ashenzari_altar_1,
          lightli_sewer_entry_pipes, uniq_blork_the_orc, uniq_ijyb
D:6:      layout_rooms
D:7:      minmay_the_grid_octo_2x2 [minmay_the_grid_octo_clover_2,
          minmay_the_grid_octo_shrine, minmay_the_grid_octo_77,
          minmay_the_grid_octo_prize_star], layout_loops_ring,
          minmay_temple_entry_glassed_door
D:8:      layout_rooms, nemelex_spade_bored_becter, cheibriados_altar_1,
          mainiacjoe_overflow_six_doors_small, grunt_decor_junction,
          lightli_minifort, uniq_maurice
D:9:      layout_roguey, tso_altar, gammafunk_temple_overflow_claw,
          hellmonk_guarded_unrand_dark_maul
D:10:     layout_loops_ring, david_lair_shrubbed, zombieorc2_lemuel,
          nzn_random_ring, uniq_grum
Temple:   compressed_dpeg_triangle_lava_temple
Lair:1:   layout_cellular_growth, gammafunk_ghost_cemetery
Lair:2:   layout_misc_corridors, nicolae_volcano_entry_hallway
Lair:3:   layout_roguey, portal_ice_cave_entry_pillars_2, beast_lair_carwin_8

Skill      XL: |  1  2  3  4  5  6  7  8  9 10 11 12 13 |
---------------+----------------------------------------+-----
Stealth        | 1 2 3 4 5 |  5.0
Bows           | 4 5 6 7 9 10 12 14 15 17 18 | 18.3
Fighting       | 2 3 5 6 7 8 |  8.0
Dodging        | 2 3 4 |  4.0
Armour         | 1 2 3 4 |  4.0
Transmutations | 2 3 |  3.0
Spellcasting   | 1 |  1.0
Evocations     | 2 |  2.4

Action                   |  1- 3 |  4- 6 |  7- 9 | 10-12 | 13-15 || total
-------------------------+-------+-------+-------+-------+-------++-------
Melee: Unarmed           |       |     5 |       |       |       ||     5
       Longbow           |       |       |     1 |     1 |       ||     2
 Fire: Shortbow          |    96 |   154 |    90 |       |       ||   340
       Longbow           |       |       |   198 |   501 |    62 ||   761
Throw: Dart              |     2 |     2 |       |       |       ||     4
 Cast: Wereblood         |       |       |       |    18 |     3 ||    21
 Abil: Evoke Blink       |       |       |       |     1 |     1 ||     2
  Use: Potion            |       |     1 |     3 |     2 |     1 ||     7
       Scroll            |       |       |    20 |    10 |       ||    30
Armor: Leather armour    |     9 |    20 |    20 |       |       ||    49
       Steam dragon scal |       |       |    13 |    25 |       ||    38
       Ring mail         |       |       |       |    12 |     5 ||    17
Dodge: Dodged            |    20 |    46 |    67 |   122 |    15 ||   270
Block: Other             |       |       |    17 |    46 |     5 ||    68
       Reflection        |       |       |     1 |     9 |       ||    10

Table legend: (Time is in decaauts)
 A = Elapsed time spent in this place.
 B = Non-inter-level travel time spent in this place.
 C = Inter-level travel time spent in this place.
 D = Time resting spent in this place.
 E = Time spent auto-exploring this place.
 F = Levels seen in this place.
 G = Mean time per level.
                   A        B        C        D        E       F      G
               +--------+--------+--------+--------+--------+-----+--------+
         Total |  14430 |  12792 |   1638 |   2317 |   6608 |  18 |  801.7 |
       Dungeon |   9981 |   8596 |   1385 |   1234 |   5119 |  10 |  998.1 |
        Temple |    145 |    143 |      2 |    100 |      0 |   1 |  145.0 |
          Lair |   1773 |   1523 |    250 |     13 |   1051 |   3 |  591.0 |
         Sewer |    673 |    673 |      0 |      0 |    437 |   1 |  673.0 |
       Ossuary |    881 |    881 |      0 |    621 |      0 |   1 |  881.0 |
      Ice Cave |    697 |    697 |      0 |    278 |      0 |   1 |  697.0 |
       Volcano |    278 |    278 |      0 |     71 |      0 |   1 |  278.0 |
               +--------+--------+--------+--------+--------+-----+--------+

Top non-repeatable levels by time:
     D:3: 1559 daAuts
     D:7: 1346 daAuts
     D:2: 1335 daAuts
     D:9: 1143 daAuts
    D:10: 1076 daAuts
     D:8: 887 daAuts
 Ossuary: 881 daAuts
  Lair:1: 877 daAuts
     D:5: 829 daAuts
     D:4: 781 daAuts
   IceCv: 697 daAuts
   Sewer: 673 daAuts
  Lair:2: 576 daAuts
     D:1: 565 daAuts
     D:6: 455 daAuts
